 Dungeon Crawl Stone Soup version 0.31.0-11-ge490571c62 (webtiles) character file.

Game seed: 10927149876128579892

74 thirtiethelement the Trooper (level 4, -5/36 HPs)
             Began as a Demonspawn Monk on Jan 29, 2024.
             Slain by a gnoll
             ... wielding a +0 halberd
              (6 damage)
             ... on level 1 of the Dungeon.
             The game lasted 00:02:28 (1296 turns).

thirtiethelement the Trooper (Demonspawn Monk)      Turns: 1296, Time: 00:02:29

Health: -5/36      AC:  3    Str: 11    XL:     4   Next: 9%
Magic:  4/4        EV: 13    Int: 10    God:
Gold:   61         SH:  0    Dex: 22    Spells: 3/3 levels left

rFire   . . .        a - +0 falchion
rCold   + . .        j - +0 buckler
rNeg    . . .        b - +0 robe
rPois   .            (no helmet)
rElec   .            (no cloak)
rCorr   .            m - +0 pair of gloves
SInv    .            (no boots)
Will    .....        (no amulet)
Stlth   +++          n - ring of protection from cold
HPRegen 0.26/turn    (no ring)
MPRegen 0.09/turn

%: no passive effects
@: confused, lethally poisoned (-5 -> -12), ambrosia-drunk
A: thin skeletal structure 2
a: no special abilities


You were on level 1 of the Dungeon.
You visited 1 branch of the dungeon, and saw 2 of its levels.

You collected 61 gold pieces.

Inventory:

Hand Weapons
 a - a +0 falchion (weapon)
Missiles
 o - 3 boomerangs (quivered)
Armour
 b - a +0 robe (worn)
 j - a +0 buckler (worn)
 m - a +0 pair of gloves (worn)
Jewellery
 i - an amulet of faith
 n - a ring of protection from cold (left hand)
Scrolls
 e - 2 scrolls of immolation {unknown}
 g - 2 scrolls of identify {unknown}
Potions
 c - a potion of ambrosia
 d - a potion of heal wounds {unknown}
 f - a potion of lignification {unknown}
 h - a potion of brilliance {unknown}
 k - a potion of resistance {unknown}
 l - a potion of attraction {unknown}


   Skills:
 + Level 3.6 Fighting
 + Level 3.4 Long Blades
 + Level 3.3 Dodging
 + Level 0.7 Stealth


You had 3 spell levels left.
You didn't know any spells.
Your spell library contained the following spells:

 Spells                   Type           Power      Damage    Failure   Level
 Necrotise                Necr           0%         1d4       50%         1
 Summon Small Mammal      Summ           0%         N/A       50%         1
 Call Canine Familiar     Summ           0%         N/A       86%         3
 Vampiric Draining        Necr           0%         2d6       86%         3
 Martyr's Knell           Necr/Summ      0%         N/A       99%         4
 Summon Blazeheart Golem  Fire/Summ      0%         N/A       99%         4
 Curse of Agony           Necr           0%         N/A       100%        5


Dungeon Overview and Level Annotations

Branches:
Dungeon (2/15)

Altars:


Innate Abilities, Weirdness & Mutations

You have a moderately thin skeletal structure. (Dex +4, Stealth++)


Message History

No target in view!
No target in view!
No target in view!
No target in view!
No target in view!
You now have 61 gold pieces (gained 8).
A gnoll comes into view. It is wielding a +0 halberd.
Found a scroll labelled HIBBOS SOMUNAM.
The gnoll shouts!
You hear a shout!
A gnoll comes into view. It is wielding a +0 spear of venom.
A gnoll comes into view. It is wielding a +0 club.
You see here 3 boomerangs.
o - 3 boomerangs The gnoll hits you with a +0 halberd.
There is a stone staircase leading up here.
You hit the gnoll.
The gnoll is heavily wounded.
The gnoll hits you with a +0 halberd. The gnoll closely misses you.
You hit the gnoll.
The gnoll is almost dead.
The gnoll hits you with a +0 halberd.
The gnoll hits you from afar with a +0 spear of venom.
You are poisoned.
The gnoll hits you with a +0 halberd.
The gnoll hits you from afar with a +0 spear of venom.
* * * LOW HITPOINT WARNING * * *
You are more poisoned.
* * * LOW HITPOINT WARNING * * *
You feel very sick. The gnoll barely misses you.
The gnoll hits you but does no damage.
You climb upwards.
* * * LOW HITPOINT WARNING * * *
You feel very sick.
There is a stone staircase leading down here.
You are confused.
You feel invigorated.
* * * LOW HITPOINT WARNING * * *
You feel very sick. The gnoll hits you with a +0 halberd.
You die...

#...............
#.###.......#... #.#
#.......#... #.#
#.......#..#
#.####..##..#...
#.##........#..#
#.####..##..#...
######.## #..##..##..
#...@...# #..##..##..
#....g..###......##..
#(...........##..##..
###............##..##..
#.#....................
#.#....>..###..##......
#.#....................
#.####.####.#.####.....
#.........#.#.####.....


You could see a gnoll.

Vanquished Creatures
  2 adders (D:2)
  A dart slug (D:2)
  A ribbon worm (D:2)
  7 endoplasms (D:1)
  3 giant cockroaches (D:1)
  2 hobgoblins (D:1)
  8 jackals
  A quokka (D:1)
  A ball python (D:2)
  5 bats
  4 frilled lizards
  5 goblins
  8 rats
48 creatures vanquished.

Notes
Turn   | Place    | Note
-------+----------+-------------------------------------------
     0 | D:1      | thirtiethelement the Demonspawn Monk began the quest for
                  | the Orb.
     0 | D:1      | Reached XP level 1. HP: 18/18 MP: 1/1
   119 | D:1      | Gained mutation: You have a somewhat thin skeletal
                  | structure. (Dex +2, Stealth+) [demonic ancestry]
   119 | D:1      | Reached XP level 2. HP: 22/24 MP: 2/2
   361 | D:1      | Gained mutation: You have a moderately thin skeletal
                  | structure. (Dex +4, Stealth++) [demonic ancestry]
   361 | D:1      | Reached XP level 3. HP: 29/29 MP: 3/3
  1202 | D:2      | Reached XP level 4. HP: 36/36 MP: 4/4
  1295 | D:1      | HP: 1/36 [poisoned by a gnoll]
  1296 | D:1      | Slain by a gnoll

Illustrated notes

Levels and vault maps discovered:
D:1:      eino_arrival_druids_welcome, layout_basic
D:2:      layout_rooms, basic_altar, nicolae_titane

Skill      XL: |  1  2 |
---------------+-------+-----
Dodging        | 3 |  3.3
Long Blades    | 3 |  3.4
Fighting       | |  3.6
Stealth        | |  0.7

Action                     |  1- 3 |  4- 6 || total
---------------------------+-------+-------++-------
  Melee: Falchion          |   114 |    15 ||   129
         Punch             |     2 |       ||     2
    Use: Potion            |       |     1 ||     1
   Stab: Sleeping          |     6 |     2 ||     8
 Armour: Robe              |    69 |    19 ||    88
  Dodge: Dodged            |    92 |    17 ||   109
  Block: Buckler           |    12 |     4 ||    16
